[Event "IMSA Blitz Women 2019"]
[Site "Hengshui"]
[Date "2019.05.17"]
[Round "5.2"]
[White "Ushenina, Anna"]
[Black "Paehtz, Elisabeth"]
[Result "0-1"]
[ECO "E63"]
[WhiteElo "2442"]
[BlackElo "2470"]
[Annotator "ChessBase"]
[PlyCount "72"]
[EventDate "2019.05.17"]
[EventType "blitz"]
[EventCountry "CHN"]
[SourceTitle "playchess.com"]
[Source "ChessBase"]
[SourceQuality "1"]
[TimeControl "180+2"]

1. d4 g6 2. Nf3 Bg7 3. g3 d6 4. Bg2 Nf6 5. O-O O-O 6. c4 Nc6 7. Nc3 a6 8. Bf4 Rb8 9. Rc1 Bd7 10. a3 h6 11. h3 Nh5 12. Bd2 e5 13. d5 Ne7 14. e4 Qe8 15. b4 f5 16. c5 Nf6 17. Be3 fxe4 18. Nd2 Nfxd5 19. Ndxe4 Nxc3 20. Nxc3 Nf5 21. Nd5 Qd8 22. cxd6 cxd6 23. Bb6 Qe8 24. Bc7 Bb5 25. Re1 Rc8 26. Nb6 Rxc7 27. Rxc7 Nd4 28. Rxb7 Bc6 29. Rc7 Bxg2 30. Kxg2 Qb5 31. Nd7 Rf7 32. Rc8+ Kh7 33. Nxe5 dxe5 34. Rc5 Qb7+ 35. f3 Nxf3 36. Rf1 Nh4+ 0-1

[Event "IMSA Blitz Women 2019"]
[Site "Hengshui"]
[Date "2019.05.17"]
[Round "6.1"]
[White "Kosteniuk, Alexandra"]
[Black "Harika, Dronavalli"]
[Result "1/2-1/2"]
[ECO "D31"]
[WhiteElo "2546"]
[BlackElo "2492"]
[Annotator "ChessBase"]
[PlyCount "130"]
[EventDate "2019.05.17"]
[EventType "blitz"]
[EventCountry "CHN"]
[SourceTitle "playchess.com"]
[Source "ChessBase"]
[SourceQuality "1"]
[TimeControl "180+2"]

1. c4 e6 2. Nc3 d5 3. d4 c6 4. e4 dxe4 5. Nxe4 c5 6. Nf3 cxd4 7. Qxd4 Qxd4 8. Nxd4 Nf6 9. Nxf6+ gxf6 10. Bd2 Bd7 11. Bc3 Be7 12. g3 Nc6 13. Nb5 Rc8 14. Rd1 a6 15. Nd6+ Bxd6 16. Rxd6 Ne5 17. b3 Bc6 18. Bxe5 fxe5 19. Rg1 Ke7 20. Rd2 Rhd8 21. Bd3 e4 22. Be2 f5 23. Kd1 b5 24. Rxd8 Rxd8+ 25. Kc2 e5 26. Kc3 bxc4 27. Bxc4 Bb5 28. Bxb5 axb5 29. Re1 Rd3+ 30. Kc2 Rf3 31. Re2 b4 32. Kb2 Ke6 33. a3 bxa3+ 34. Kxa3 Kd5 35. Ka4 f4 36. b4 e3 37. fxe3 fxe3 38. b5 Ke4 39. b6 Rf2 40. b7 Rxe2 41. b8=Q Rd2 42. Qb7+ Kd4 43. Qb4+ Kd3 44. Qb5+ Ke4 45. Qc6+ Kd3 46. Qd5+ Kc2 47. Qe4+ Rd3 48. Qxe5 Kd2 49. Qb2+ Kd1 50. Qb1+ Kd2 51. Qb4+ Kd1 52. Qe4 Kd2 53. Qf4 Kd1 54. Qf1+ Kd2 55. Qf4 Kd1 56. Qc4 Kd2 57. Qb4+ Kd1 58. Qg4+ e2 59. Kb4 Kd2 60. Qf4+ Kd1 61. Qg4 Kd2 62. Qf4+ Kd1 63. Qg4 Kd2 64. Qf4+ Kd1 65. Qg4 Kd2 1/2-1/2

[Event "IMSA Blitz Women 2019"]
[Site "Hengshui"]
[Date "2019.05.17"]
[Round "6.1"]
[White "Tan, Zhongyi"]
[Black "Stefanova, Antoaneta"]
[Result "0-1"]
[ECO "D15"]
[WhiteElo "2513"]
[BlackElo "2470"]
[Annotator "ChessBase"]
[PlyCount "80"]
[EventDate "2019.05.17"]
[EventType "blitz"]
[EventCountry "CHN"]
[SourceTitle "playchess.com"]
[Source "ChessBase"]
[SourceQuality "1"]
[TimeControl "180+2"]

1. c4 c6 2. d4 d5 3. Nf3 Nf6 4. Nc3 a6 5. c5 Bf5 6. Qb3 Ra7 7. Bf4 Nbd7 8. h3 h6 9. e3 g5 10. Bg3 Bg7 11. Be2 O-O 12. Ne5 Ne4 13. Nxe4 Bxe4 14. Nxd7 Qxd7 15. f3 Bg6 16. Bd3 Bxd3 17. Qxd3 Raa8 18. O-O Rae8 19. f4 f5 20. Rf2 e6 21. Raf1 Rf6 22. fxg5 hxg5 23. Bd6 Rh6 24. g4 Rxh3 25. Kg2 Rh4 26. gxf5 exf5 27. Rxf5 Rg4+ 28. Kh1 Qe6 29. R1f3 Qh6+ 30. Bh2 Rh4 31. Qd2 g4 32. Rg3 Re4 33. Kg1 Bxd4 34. Qg2 Bxe3+ 35. Kh1 Bd4 36. Rf1 Bxc5 37. b4 Rxh2+ 38. Qxh2 Qxh2+ 39. Kxh2 Bd6 40. a3 Re2+ 0-1

[Event "IMSA Blitz Women 2019"]
[Site "Hengshui"]
[Date "2019.05.17"]
[Round "6.1"]
[White "Lei, Tingjie"]
[Black "Koneru, Humpy"]
[Result "1-0"]
[ECO "C24"]
[WhiteElo "2507"]
[BlackElo "2553"]
[Annotator "ChessBase"]
[PlyCount "77"]
[EventDate "2019.05.17"]
[EventType "blitz"]
[EventCountry "CHN"]
[SourceTitle "playchess.com"]
[Source "ChessBase"]
[SourceQuality "1"]
[TimeControl "180+2"]

1. e4 e5 2. Bc4 Nf6 3. d3 c6 4. Nf3 d5 5. Bb3 a5 6. a4 Bb4+ 7. c3 Bd6 8. exd5 cxd5 9. Bg5 Be6 10. Na3 Nbd7 11. Nb5 Bb8 12. O-O O-O 13. Bh4 h6 14. Re1 Re8 15. h3 Ra6 16. d4 e4 17. Nd2 g5 18. Bg3 Bxg3 19. fxg3 Nf8 20. Nf1 Ng6 21. Qd2 Qb8 22. Qf2 Kg7 23. Ne3 Qd8 24. Rf1 Rc6 25. Rad1 Ng8 26. c4 N8e7 27. cxd5 Nxd5 28. Bxd5 Bxd5 29. Nxd5 Qxd5 30. Nc3 Qd7 31. d5 Rd6 32. Qd4+ Re5 33. Rde1 f5 34. g4 Kh7 35. gxf5 Rxf5 36. Nxe4 Rfxd5 37. Nf6+ Kh8 38. Qe4 Qd8 39. Qxg6 1-0

[Event "IMSA Blitz Women 2019"]
[Site "Hengshui"]
[Date "2019.05.17"]
[Round "6.1"]
[White "Khotenashvili, Bela"]
[Black "Zhao, Xue"]
[Result "1-0"]
[ECO "A05"]
[WhiteElo "2476"]
[BlackElo "2485"]
[Annotator "ChessBase"]
[PlyCount "65"]
[EventDate "2019.05.17"]
[EventType "blitz"]
[EventCountry "CHN"]
[SourceTitle "playchess.com"]
[Source "ChessBase"]
[SourceQuality "1"]
[TimeControl "180+2"]

1. Nf3 Nf6 2. g3 b5 3. Bg2 d5 4. O-O e6 5. d3 Be7 6. Nbd2 O-O 7. e4 Bb7 8. e5 Nfd7 9. Re1 c5 10. Nf1 b4 11. h4 Nc6 12. Bf4 a5 13. Ne3 f5 14. exf6 Bxf6 15. Ng4 Bxb2 16. Rb1 Bc3 17. Rxe6 Nf6 18. Ng5 Nd4 19. Be3 h6 20. Bxd4 Bxd4 21. Nh3 Nxg4 22. Qxg4 Bc8 23. Nf4 Bxe6 24. Qxe6+ Kh7 25. Bxd5 Rxf4 26. gxf4 Ra7 27. Be4+ Kh8 28. Qg6 Kg8 29. Bf5 Re7 30. Be6+ Kh8 31. Bf5 Kg8 32. Qh7+ Kf8 33. Qh8+ 1-0

[Event "IMSA Blitz Women 2019"]
[Site "Hengshui"]
[Date "2019.05.17"]
[Round "6.1"]
[White "Krush, Irina"]
[Black "Paehtz, Elisabeth"]
[Result "0-1"]
[ECO "A40"]
[WhiteElo "2422"]
[BlackElo "2470"]
[Annotator "RC"]
[PlyCount "296"]
[EventDate "2019.05.17"]
[EventType "blitz"]
[EventCountry "CHN"]
[SourceTitle "playchess.com"]
[Source "ChessBase"]
[SourceQuality "1"]
[TimeControl "180+2"]

1. d4 e6 2. c4 b6 3. Nf3 Bb7 4. g3 Bb4+ 5. Bd2 Bxf3 6. exf3 Bxd2+ 7. Qxd2 d5 8. Nc3 Ne7 9. f4 c6 10. Bd3 Nd7 11. O-O dxc4 12. Bxc4 Nf6 13. Rfd1 O-O 14. Be2 Qd6 15. Bf3 Rfd8 16. Ne4 Nxe4 17. Bxe4 Rac8 18. Qe2 g6 19. Rac1 Qb4 20. a3 Qd6 21. h4 h5 22. b4 Rc7 23. Kg2 Nd5 24. Bf3 Qe7 25. Qe5 Rd6 26. Rd2 Qd7 27. Rdc2 Ne7 28. b5 Rxd4 29. bxc6 Qd6 30. Qf6 Nf5 31. Kg1 Qe7 32. Qe5 Qd6 33. Qf6 Qxa3 34. Kg2 Qd6 35. Qg5 Qe7 36. Ra1 Qxg5 37. hxg5 Rb4 38. Rd2 Nd4 39. Rc1 a5 40. Be4 Kg7 41. Rcd1 Nb3 42. Rd7 Rc8 43. Bf3 Rc4 44. Rb7 Nd4 45. Rxb6 Nxf3 46. Kxf3 R8xc6 47. Rb7 Rc7 48. Rd7 Rxb7 49. Rxb7 Ra4 50. Ra7 Ra3+ 51. Kg2 Ra1 52. Kf3 a4 53. Kg2 a3 54. Kf3 Kf8 55. Kg2 Ke8 56. Kf3 a2 57. Kg2 Kd8 58. Kf3 Kc8 59. Kg2 Kb8 60. Ra3 Kc7 61. Ra7+ Kd6 62. Ra6+ Kd5 63. Ra5+ Kd4 64. Ra4+ Kc3 65. Ra8 Kd4 66. Ra4+ Kc5 67. Ra8 e5 68. fxe5 Kd4 69. Ra5 Ke4 70. Ra3 Kxe5 71. Ra7 Ke6 72. Ra5 Kd6 73. Kf3 Ke6 74. Kg2 Ke7 75. Kf3 Kf8 76. Kg2 Kg7 77. Kf3 Kf8 78. Kg2 Ke8 79. Ra7 Kd8 80. Kf3 Kc8 81. Kg2 Kb8 82. Ra3 Kb7 83. Kf3 Kc6 84. Kg2 Kd5 85. Ra4 Ke5 86. Kf3 Ke6 87. Ra5 Kd6 88. Kg2 Kc6 89. Kf3 Kb6 90. Ra8 Kb7 91. Ra3 Kc6 92. Ra6+ Kd5 93. Ra5+ Ke6 94. Kg2 Kd6 95. Kf3 Ke7 96. Ra6 Rd1 97. Rxa2 Rd5 98. Ra7+ Kf8 99. Rb7 Rxg5 100. Ra7 Kg7 101. Rb7 Rf5+ 102. Kg2 Kf6 103. Ra7 Rd5 104. Rb7 Rd6 105. Ra7 Re6 106. Rb7 Kg7 107. Ra7 Rf6 108. Rb7 Rf5 109. Ra7 Rg5 110. Kf3 Re5 111. Rb7 Rf5+ 112. Kg2 Kh6 113. Ra7 f6 114. Ra4 Rc5 115. Rb4 Kg5 116. Ra4 Kf5 117. Rf4+ Ke5 118. Ra4 g5 119. Rb4 Kf5 120. Ra4 Kg6 121. Rb4 Rc6 122. Ra4 Rd6 123. Rb4 Re6 124. Ra4 f5 125. Rb4 Rf6 126. Kf3 Rd6 127. Ra4 Rd3+ 128. Kg2 g4 129. Ra8 f4 130. gxf4 Rf3 131. Rg8+ Kh7 132. Rg5 Kh6 133. Rf5 h4 134. Kg1 h3 135. Rf8 Kg7 136. Rf5 Kh6 137. Rf8 Rc3 138. Rg8 Kh5 139. Rh8+ Kg6 140. Rf8 Rc4 141. Kh2 Rc3 142. Rg8+ Kf5 143. Rf8+ Ke4 144. f5 Kf3 145. f6 Rc2 146. f7 Rxf2+ 147. Kg1 h2+ 148. Kh1 Kg3 0-1

[Event "IMSA Blitz Women 2019"]
[Site "Hengshui"]
[Date "2019.05.17"]
[Round "6.2"]
[White "Harika, Dronavalli"]
[Black "Kosteniuk, Alexandra"]
[Result "1/2-1/2"]
[ECO "A03"]
[WhiteElo "2492"]
[BlackElo "2546"]
[Annotator "ChessBase"]
[PlyCount "84"]
[EventDate "2019.05.17"]
[EventType "blitz"]
[EventCountry "CHN"]
[SourceTitle "playchess.com"]
[Source "ChessBase"]
[SourceQuality "1"]
[TimeControl "180+2"]

1. f4 d5 2. Nf3 Nf6 3. g3 g6 4. Bg2 Bg7 5. O-O O-O 6. d3 Nc6 7. e3 Bf5 8. Nc3 Qc8 9. Qe2 Bh3 10. e4 Bxg2 11. Kxg2 d4 12. Nd1 e6 13. Nf2 Qd7 14. Bd2 Ne8 15. e5 f5 16. exf6 Nxf6 17. Rae1 Rae8 18. Ne4 Qd5 19. a3 e5 20. Nxf6+ Bxf6 21. Qe4 Qxe4 22. Rxe4 exf4 23. Bxf4 Rxe4 24. dxe4 Re8 25. Re1 Re7 26. e5 Bg7 27. Re4 h6 28. h4 Rd7 29. b4 a6 30. Bc1 Rd5 31. e6 Ne7 32. Bb2 d3 33. Bxg7 Kxg7 34. cxd3 Rxd3 35. Rf4 Nf5 36. g4 Nd6 37. Kf2 Rxa3 38. e7 Ra2+ 39. Kf1 Ra1+ 40. Kf2 Ra2+ 41. Kf1 Ra1+ 42. Kf2 Ra2+ 1/2-1/2

[Event "IMSA Blitz Women 2019"]
[Site "Hengshui"]
[Date "2019.05.18"]
[Round "7.2"]
[White "Harika, Dronavalli"]
[Black "Paehtz, Elisabeth"]
[Result "1-0"]
[ECO "A03"]
[WhiteElo "2492"]
[BlackElo "2470"]
[Annotator "RC"]
[PlyCount "99"]
[EventDate "2019.05.17"]
[EventType "blitz"]
[EventCountry "CHN"]
[SourceTitle "playchess.com"]
[Source "ChessBase"]
[SourceQuality "1"]
[TimeControl "180+2"]

1. f4 d5 2. Nf3 Bg4 3. e3 Nd7 4. Be2 c6 5. b3 Bxf3 6. Bxf3 e5 7. fxe5 Nxe5 8. O-O Bd6 9. Bb2 Nf6 10. Nc3 Qc7 11. h3 Qe7 12. Ne2 O-O-O 13. a4 h5 14. a5 a6 15. Nd4 g6 16. Qe2 Ne4 17. Bxe4 dxe4 18. d3 f5 19. dxe4 fxe4 20. Rf4 Nd7 21. Nxc6 bxc6 22. Qxa6+ Kb8 23. Bd4 Bc5 24. Qxc6 Bxd4 25. exd4 Qb4 26. Rxe4 Qb7 27. Qxb7+ Kxb7 28. c4 Rhe8 29. Rf4 Nb8 30. b4 Nc6 31. d5 Ne5 32. b5 g5 33. Rd4 Rc8 34. d6 Rxc4 35. Rd5 Nd7 36. Rf1 g4 37. Rxh5 g3 38. Rg5 Rd4 39. Rxg3 Rxd6 40. Rg5 Re2 41. Rf7 Kc7 42. Kh2 Rdd2 43. Rgg7 Kd8 44. Rg8+ Kc7 45. Rgg7 Kd8 46. b6 Rd6 47. b7 Rb2 48. a6 Nc5 49. a7 Nxb7 50. a8=Q# 1-0

[Event "IMSA Blitz Women 2019"]
[Site "Hengshui"]
[Date "2019.05.18"]
[Round "7.2"]
[White "Khotenashvili, Bela"]
[Black "Abdumalik, Zhansaya"]
[Result "0-1"]
[ECO "A45"]
[WhiteElo "2476"]
[BlackElo "2464"]
[Annotator "RC"]
[PlyCount "98"]
[EventDate "2019.05.17"]
[EventType "blitz"]
[EventCountry "CHN"]
[SourceTitle "playchess.com"]
[Source "ChessBase"]
[SourceQuality "1"]
[TimeControl "180+2"]

1. d4 Nf6 2. Bg5 d5 3. e3 Nbd7 4. Nd2 g6 5. c3 Bg7 6. Bd3 c5 7. Ngf3 O-O 8. a4 Re8 9. a5 e5 10. dxe5 Nxe5 11. Nxe5 Rxe5 12. Nf3 Re8 13. O-O h6 14. Bh4 Qd6 15. Bg3 Qe6 16. Qa4 Ne4 17. Rfd1 a6 18. Bxe4 dxe4 19. Rd6 Qe7 20. Nd2 h5 21. h4 Bg4 22. Nc4 Rad8 23. Rxd8 Rxd8 24. Qb3 Be6 25. Qa4 Bf8 26. Nb6 Bg4 27. Qc4 Rd2 28. b3 Be2 29. Qa4 Bb5 30. Qa3 Qf6 31. Qc1 Rd3 32. c4 Bc6 33. Rb1 Bd6 34. Bxd6 Qxd6 35. Qb2 Rd2 36. Qc3 Rd3 37. Qb2 Rd2 38. Qc3 Rd3 39. Qb2 Qd8 40. g3 Qd6 41. Na4 Bd7 42. Qa3 Rd1+ 43. Rxd1 Qxd1+ 44. Kh2 Bg4 45. Nc3 Qe1 46. Nxe4 Bf3 47. g4 Bxe4 48. Qxc5 Qh1+ 49. Kg3 Qf3+ 0-1

[Event "IMSA Blitz Women 2019"]
[Site "Hengshui"]
[Date "2019.05.18"]
[Round "7.2"]
[White "Ushenina, Anna"]
[Black "Bodnaruk, Anastasia"]
[Result "0-1"]
[ECO "A49"]
[WhiteElo "2442"]
[BlackElo "2431"]
[Annotator "NA RC"]
[PlyCount "86"]
[EventDate "2019.05.17"]
[EventType "blitz"]
[EventCountry "CHN"]
[SourceTitle "playchess.com"]
[Source "ChessBase"]
[SourceQuality "1"]
[TimeControl "180+2"]

1. d4 Nf6 2. Nf3 g6 3. g3 Bg7 4. Bg2 O-O 5. O-O d6 6. c4 Nc6 7. d5 Na5 8. Nfd2 c5 9. a3 b6 10. b4 Nb7 11. Bb2 cxb4 12. axb4 a5 13. Bd4 Bd7 14. Qb3 axb4 15. Rxa8 Qxa8 16. Qxb4 Nc5 17. Nc3 Ng4 18. Bxg7 Kxg7 19. h3 Nf6 20. Rb1 Qa5 21. Kh2 Ra8 22. Nde4 Bf5 23. Qb2 Qa3 24. f3 Bxe4 25. fxe4 Qxb2 26. Rxb2 Nfd7 27. Rb4 Ra3 28. Nb5 Re3 29. Na7 Rxe2 30. Kg1 Nxe4 31. g4 Nec5 32. Nc8 Nd3 33. Rb3 Nf4 34. Bf1 Re1 35. Kf2 Rc1 36. Nxe7 Ne5 37. Rxb6 Rc2+ 38. Ke3 Nxh3 39. Bxh3 Rc3+ 40. Ke2 Rxh3 41. Rxd6 Rh2+ 42. Ke1 Nxc4 43. g5 Nxd6 0-1

[Event "IMSA Blitz Women 2019"]
[Site "Hengshui"]
[Date "2019.05.18"]
[Round "7.2"]
[White "Krush, Irina"]
[Black "Dzagnidze, Nana"]
[Result "0-1"]
[ECO "E32"]
[WhiteElo "2422"]
[BlackElo "2510"]
[Annotator "RC"]
[PlyCount "67"]
[EventDate "2019.05.17"]
[EventType "blitz"]
[EventCountry "CHN"]
[SourceTitle "playchess.com"]
[Source "ChessBase"]
[SourceQuality "1"]
[TimeControl "180+2"]

1. d4 Nf6 2. c4 e6 3. Nc3 Bb4 4. Qc2 O-O 5. e4 d6 6. a3 Bxc3+ 7. bxc3 e5 8. Bd3 Nc6 9. Ne2 Nh5 10. O-O Bd7 11. f4 exf4 12. Nxf4 Nxf4 13. Bxf4 Qh4 14. Bg3 Qh6 15. Rf4 Rae8 16. Raf1 Ne7 17. Qf2 Qh5 18. Rh4 Qa5 19. Rf4 f6 20. Qc2 Ng6 21. R4f2 Qg5 22. c5 dxc5 23. Bxc7 cxd4 24. cxd4 Kh8 25. Bd6 Rg8 26. Qc7 Bc6 27. d5 Rc8 28. Qf7 Ba4 29. Qxb7 Ne5 30. Be2 Qe3 31. Bxe5 fxe5 32. Kh1 Bc2 33. Qxc8 Bxe4 34. Qxg8+ 0-1

[Event "IMSA Blitz Women 2019"]
[Site "Hengshui"]
[Date "2019.05.18"]
[Round "8.1"]
[White "Kosteniuk, Alexandra"]
[Black "Gunina, Valentina"]
[Result "1-0"]
[ECO "B10"]
[WhiteElo "2546"]
[BlackElo "2506"]
[Annotator "ChessBase"]
[PlyCount "59"]
[EventDate "2019.05.17"]
[EventType "blitz"]
[EventCountry "CHN"]
[SourceTitle "playchess.com"]
[Source "ChessBase"]
[SourceQuality "1"]
[TimeControl "180+2"]

1. e4 c6 2. c4 d5 3. cxd5 cxd5 4. exd5 Nf6 5. Nc3 g6 6. Bc4 Bg7 7. Nf3 O-O 8. O-O a6 9. a4 Nbd7 10. a5 b5 11. axb6 Nxb6 12. d3 Nbxd5 13. Nxd5 Nxd5 14. Qb3 Nb6 15. Be3 Nxc4 16. dxc4 Be6 17. Ng5 Bf5 18. Qa3 Qc7 19. Rac1 a5 20. Rfd1 Rab8 21. b3 Rfc8 22. h3 h6 23. Nf3 Qb7 24. Nd4 Be4 25. f3 Bc6 26. Qxa5 Ra8 27. Qe1 Be8 28. b4 e5 29. Nb3 e4 30. Nc5 1-0

[Event "IMSA Blitz Women 2019"]
[Site "Hengshui"]
[Date "2019.05.18"]
[Round "8.1"]
[White "Lei, Tingjie"]
[Black "Krush, Irina"]
[Result "1-0"]
[ECO "B60"]
[WhiteElo "2507"]
[BlackElo "2422"]
[Annotator "RC"]
[PlyCount "157"]
[EventDate "2019.05.17"]
[EventType "blitz"]
[EventCountry "CHN"]
[SourceTitle "playchess.com"]
[Source "ChessBase"]
[SourceQuality "1"]
[TimeControl "180+2"]

1. e4 c5 2. Nf3 d6 3. d4 cxd4 4. Nxd4 Nf6 5. Nc3 Nc6 6. Bg5 Qb6 7. Nb3 g6 8. Qd2 Be6 9. Bxf6 exf6 10. O-O-O O-O-O 11. Kb1 Kb8 12. f3 Ne5 13. Nd5 Bxd5 14. Qxd5 h5 15. Be2 Bh6 16. Nd4 a6 17. g3 Be3 18. f4 Ng4 19. Bxg4 hxg4 20. Nb3 Qc7 21. Rd3 Bb6 22. Nd2 Ka7 23. a4 Qe7 24. a5 Bf2 25. Nc4 Qc7 26. Nxd6 Bc5 27. e5 fxe5 28. fxe5 Bxd6 29. exd6 Qd7 30. Rf1 f5 31. Rf2 Rhe8 32. Rfd2 Re6 33. Qc5+ Kb8 34. Qc7+ Ka8 35. Rb3 Re1+ 36. Ka2 Qa4+ 37. Ra3 Qd7 38. Rdd3 Re2 39. Rab3 Qa4+ 40. Ra3 Qd7 41. c4 Re6 42. c5 Ree8 43. Qxd7 Rxd7 44. Rab3 Rc8 45. Rd5 Rh8 46. Rd2 Re8 47. Rc3 Kb8 48. c6 bxc6 49. Rxc6 Kb7 50. Rdc2 Red8 51. Rb6+ Ka7 52. Rcc6 Rh8 53. Rxa6+ Kb7 54. Rab6+ Ka7 55. Kb3 Rxh2 56. Rc7+ Rxc7 57. dxc7 Rh8 58. Rxg6 Kb7 59. Ka4 Rf8 60. b4 Kxc7 61. a6 f4 62. gxf4 Rxf4 63. Ka5 Rf5+ 64. b5 Rh5 65. Rxg4 Rh7 66. Rg6 Kb8 67. Kb6 Rh8 68. Kc6 Rc8+ 69. Kb6 Ka8 70. Rg7 Rb8+ 71. Ka5 Rh8 72. Rc7 Rg8 73. b6 Rg5+ 74. Kb4 Rg4+ 75. Kb5 Rg5+ 76. Rc5 Rg8 77. a7 Rh8 78. Ka6 Rf8 79. b7# 1-0

[Event "IMSA Blitz Women 2019"]
[Site "Hengshui"]
[Date "2019.05.18"]
[Round "8.1"]
[White "Zhao, Xue"]
[Black "Bodnaruk, Anastasia"]
[Result "1/2-1/2"]
[ECO "A21"]
[WhiteElo "2485"]
[BlackElo "2431"]
[Annotator "RC"]
[PlyCount "150"]
[EventDate "2019.05.17"]
[EventType "blitz"]
[EventCountry "CHN"]
[SourceTitle "playchess.com"]
[Source "ChessBase"]
[SourceQuality "1"]
[TimeControl "180+2"]

1. c4 e5 2. Nc3 d6 3. d4 exd4 4. Qxd4 Nc6 5. Qd2 g6 6. Nf3 Bg7 7. b3 Nge7 8. Bb2 O-O 9. g3 Ne5 10. Nd4 d5 11. cxd5 Nxd5 12. Rd1 Nxc3 13. Qxc3 Qe7 14. Bg2 c5 15. Nb5 Bg4 16. Qe3 Rad8 17. O-O Bf5 18. Nc3 Nc6 19. Qc1 Qe6 20. e3 Bh3 21. Na4 b6 22. Rxd8 Rxd8 23. Bxg7 Kxg7 24. Qc3+ f6 25. Nb2 Ne5 26. Qc2 Bxg2 27. Kxg2 Qd5+ 28. e4 Qd2 29. Rc1 h5 30. h4 Ng4 31. Nc4 Qd4 32. Qe2 b5 33. Na3 a6 34. Nc2 Qd6 35. Ne3 Nxe3+ 36. Qxe3 Qd4 37. Qf4 c4 38. bxc4 bxc4 39. Qc7+ Rd7 40. Qxc4 Qb6 41. Qc6 Qd4 42. Rc4 Qd6 43. Qxd6 Rxd6 44. Rc7+ Kh6 45. Ra7 g5 46. Kf3 Rd3+ 47. Ke2 Ra3 48. Kf1 Rxa2 49. Kg2 g4 50. Rb7 Ra1 51. Rb6 Kg7 52. Rb7+ Kg6 53. Rb6 Kf7 54. Rb7+ Ke6 55. Rh7 Ra5 56. Rh8 Re5 57. f3 gxf3+ 58. Kxf3 a5 59. Kf4 Rb5 60. Re8+ Kf7 61. Ra8 Kg6 62. Rg8+ Kf7 63. Ra8 Rc5 64. Ra6 Kg6 65. Ra7 Rb5 66. Ra6 Rc5 67. g4 hxg4 68. Kxg4 Rc4 69. Kf3 Ra4 70. e5 Kf5 71. exf6 Rxh4 72. f7 Rh8 73. Rh6 Rf8 74. Rh5+ Kg6 75. Rxa5 Rxf7+ 1/2-1/2

[Event "IMSA Blitz Women 2019"]
[Site "Hengshui"]
[Date "2019.05.18"]
[Round "8.1"]
[White "Stefanova, Antoaneta"]
[Black "Paehtz, Elisabeth"]
[Result "1/2-1/2"]
[ECO "A49"]
[WhiteElo "2470"]
[BlackElo "2470"]
[Annotator "RC"]
[PlyCount "123"]
[EventDate "2019.05.17"]
[EventType "blitz"]
[EventCountry "CHN"]
[SourceTitle "playchess.com"]
[Source "ChessBase"]
[SourceQuality "1"]
[TimeControl "180+2"]

1. d4 Nf6 2. Nf3 g6 3. g3 Bg7 4. Bg2 O-O 5. O-O d5 6. Be3 c6 7. Qc1 Re8 8. c4 Nbd7 9. Rd1 Nb6 10. Na3 Be6 11. c5 Nbd7 12. b4 a6 13. Bh6 Bh8 14. Nc2 Ne4 15. h3 f6 16. Nd2 f5 17. Nxe4 dxe4 18. f3 exf3 19. Bxf3 Nf6 20. a4 Bd5 21. Ne3 Bxf3 22. exf3 Nd5 23. Rb1 Bf6 24. Nc4 Qc7 25. Kg2 Rad8 26. b5 axb5 27. axb5 e5 28. bxc6 bxc6 29. Nd6 Rxd6 30. cxd6 Qxd6 31. dxe5 Bxe5 32. Re1 Ra8 33. Re2 Bxg3 34. Rb7 Bf4 35. Qe1 Bxh6 36. Re8+ Rxe8 37. Qxe8+ Qf8 38. Qxc6 Nf4+ 39. Kh2 Nh5 40. Qd5+ Kh8 41. Qe5+ Bg7 42. Qc7 Nf6 43. Rb8 Ne8 44. Qf4 Kg8 45. Rc8 h6 46. Qc4+ Kh7 47. Qe6 Qa3 48. Rxe8 Qb2+ 49. Qe2 Qd4 50. Kg2 h5 51. Qe3 Qb2+ 52. Qe2 Qd4 53. Re7 Qf4 54. Qe3 Qb4 55. Qe5 Qd2+ 56. Kg3 Qg5+ 57. Kh2 Qd2+ 58. Qe2 Qf4+ 59. Kg2 Qg5+ 60. Kh2 Qf4+ 61. Kg2 Qg5+ 62. Kh2 1/2-1/2

[Event "IMSA Blitz Women 2019"]
[Site "Hengshui"]
[Date "2019.05.18"]
[Round "8.1"]
[White "Abdumalik, Zhansaya"]
[Black "Tan, Zhongyi"]
[Result "0-1"]
[ECO "C65"]
[WhiteElo "2464"]
[BlackElo "2513"]
[Annotator "RC"]
[PlyCount "164"]
[EventDate "2019.05.17"]
[EventType "blitz"]
[EventCountry "CHN"]
[SourceTitle "playchess.com"]
[Source "ChessBase"]
[SourceQuality "1"]
[TimeControl "180+2"]

1. e4 e5 2. Nf3 Nc6 3. Bb5 Nf6 4. d3 Bc5 5. c3 O-O 6. O-O d6 7. Nbd2 a6 8. Ba4 Ba7 9. h3 Ne7 10. Re1 Ng6 11. Bc2 d5 12. Nf1 Re8 13. Ng3 h6 14. a4 a5 15. exd5 Nxd5 16. d4 exd4 17. Rxe8+ Qxe8 18. Nxd4 c6 19. Ndf5 Qe5 20. Qe2 Be6 21. Qxe5 Nxe5 22. Nd4 Bxd4 23. cxd4 Nc4 24. b3 Nb4 25. Bd1 Nd6 26. Bf4 Rd8 27. Ne2 g5 28. Be5 Nd3 29. Bh2 Rd7 30. f4 f6 31. fxg5 hxg5 32. Ng3 Nb4 33. Rb1 Nf7 34. Ne4 Kg7 35. Nc5 Re7 36. Bf3 Bd5 37. Bg4 Kg6 38. Rf1 Nh6 39. Bd6 Re3 40. Bd1 Nf5 41. Nxb7 Nxd4 42. Bc5 Rg3 43. Rf2 Ne6 44. Bd6 Rd3 45. Be2 Rd4 46. Nxa5 Nd3 47. Rf1 Ndf4 48. Bf3 Bxf3 49. Bxf4 Be2 50. Be3 Re4 51. Rc1 Rxe3 52. Kf2 Re4 53. Re1 Nf4 54. Rb1 Nd3+ 55. Kg1 Re6 56. b4 Nf4 57. b5 cxb5 58. axb5 Rb6 59. Nc6 Rxb5 60. Rxb5 Bxb5 61. Nd4 Bc4 62. Kh2 Bd5 63. g3 Ne6 64. Ne2 f5 65. h4 gxh4 66. gxh4 Kh5 67. Kh3 Bf3 68. Ng3+ Kg6 69. Kh2 Bg4 70. Kg2 f4 71. Ne4 Kh5 72. Nf6+ Kxh4 73. Kf2 Nd4 74. Nd5 Kg5 75. Nc3 Kf5 76. Nd5 Ke5 77. Ne7 Bh5 78. Nc8 Nf5 79. Nb6 Nd6 80. Nd7+ Kf5 81. Nc5 Ne4+ 82. Nxe4 Kxe4 0-1

[Event "IMSA Blitz Women 2019"]
[Site "Hengshui"]
[Date "2019.05.18"]
[Round "8.2"]
[White "Tan, Zhongyi"]
[Black "Abdumalik, Zhansaya"]
[Result "1/2-1/2"]
[ECO "A28"]
[WhiteElo "2513"]
[BlackElo "2464"]
[Annotator "RC"]
[PlyCount "175"]
[EventDate "2019.05.17"]
[EventType "blitz"]
[EventCountry "CHN"]
[SourceTitle "playchess.com"]
[Source "ChessBase"]
[SourceQuality "1"]
[TimeControl "180+2"]

1. c4 e5 2. Nc3 Nf6 3. Nf3 Nc6 4. e4 d6 5. d3 g6 6. g3 Bg7 7. Bg2 O-O 8. O-O h6 9. Rb1 a5 10. Nd5 Nh7 11. a3 Be6 12. b4 axb4 13. axb4 Qd7 14. b5 Ne7 15. Bb2 f5 16. Nh4 Bxd5 17. exd5 g5 18. Nf3 Nf6 19. Ra1 Ng6 20. Qc2 g4 21. Nd2 h5 22. Rxa8 Rxa8 23. Ra1 Rf8 24. Ra7 b6 25. Nf1 h4 26. Nd2 Nh7 27. Bc1 Bf6 28. Nb1 Ng5 29. Bxg5 Bxg5 30. Nc3 Qg7 31. c5 Rf7 32. cxd6 cxd6 33. Rxf7 Qxf7 34. Na4 h3 35. Bf1 Qxd5 36. Qc8+ Kg7 37. Qd7+ Kh6 38. Nxb6 Qd4 39. Qc6 Bd2 40. Nd7 Be1 41. Qc2 Qa7 42. Nf6 Qb6 43. Qc1+ Kg7 44. Nh5+ Kf7 45. Qxe1 Qxb5 46. Qe3 f4 47. Qe4 Qd7 48. gxf4 d5 49. Qe3 Qf5 50. Ng3 Qxf4 51. Qxf4+ Nxf4 52. Be2 Kf6 53. Bxg4 Nxd3 54. Bxh3 Nf4 55. Bc8 e4 56. Kf1 Ke5 57. Bb7 Nh3 58. Bc8 Nf4 59. h4 d4 60. Bb7 e3 61. fxe3 dxe3 62. Bf3 Kf6 63. Ne4+ Kf5 64. Ng3+ Kg6 65. Ke1 Kf6 66. Kd1 Ng6 67. h5 Ne5 68. Ke2 Nc4 69. Ne4+ Kf5 70. Nc3 Kg5 71. Nd5 Ne5 72. Be4 Kxh5 73. Kxe3 Kg5 74. Kd4 Ng6 75. Ne3 Nf4 76. Ke5 Ng6+ 77. Ke6 Nf4+ 78. Kf7 Nh5 79. Nd5 Nf4 80. Nf6 Nh5 81. Nh7+ Kf4 82. Bb1 Ng3 83. Ke6 Ne4 84. Ke7 Ng5 85. Nf6 Nf3 86. Ke6 Nd4+ 87. Kd5 Nf3 88. Bc2 1/2-1/2

[Event "IMSA Blitz Women 2019"]
[Site "Hengshui"]
[Date "2019.05.18"]
[Round "8.2"]
[White "Dzagnidze, Nana"]
[Black "Muzychuk, Mariya"]
[Result "0-1"]
[ECO "A37"]
[WhiteElo "2510"]
[BlackElo "2563"]
[Annotator "RC"]
[PlyCount "82"]
[EventDate "2019.05.17"]
[EventType "blitz"]
[EventCountry "CHN"]
[SourceTitle "playchess.com"]
[Source "ChessBase"]
[SourceQuality "1"]
[TimeControl "180+2"]

1. c4 c5 2. Nf3 Nc6 3. g3 g6 4. Bg2 Bg7 5. Nc3 e6 6. O-O Nge7 7. d3 O-O 8. Bg5 d5 9. cxd5 exd5 10. Qc1 b6 11. Bh6 Bb7 12. Bxg7 Kxg7 13. a3 d4 14. Ne4 Nd5 15. b4 cxb4 16. axb4 Ndxb4 17. Qb2 a5 18. Ned2 Qf6 19. Nc4 Ba6 20. Nxb6 Ra7 21. Na4 Re8 22. Rfc1 Rae7 23. Bf1 Bxd3 24. exd3 Qxf3 25. Bg2 Qf6 26. Qd2 Re2 27. Qf4 Ne5 28. Bf1 Nexd3 29. Qxf6+ Kxf6 30. Bxe2 Nxc1 31. Bc4 Ne2+ 32. Kf1 Nc3 33. Nc5 a4 34. Nd3 Nxd3 35. Bxd3 Ra8 36. Ke1 a3 37. Kd2 Ke5 38. Kc2 a2 39. Kb2 Rb8+ 40. Ka3 Kd5 41. Bc2 Ke5 0-1